Workbook

Sheet Accueil
A1: Modèle Excel — Kit Pratique (PME/Projet)
A3: Ce fichier propose : Plan d’actions, Checklist démarrage légal, Budget 12 mois, Calendrier (Gantt), Contacts, Indicateurs.
A5: Personnalisez les seuils dans l’onglet Paramètres. Les couleurs s’adaptent automatiquement (vert/orange/rouge).
A7: Astuce : ajoutez vos logos/couleurs et protégez les colonnes de formules si vous partagez le fichier.

Sheet Paramètres
A1: Paramètres & Listes (modifiables)
D2: États | E2: Catégories
A3: priorite_warn | B3: 10 | D3: Vert | E3: Légal
A4: priorite_crit | B4: 15 | D4: Orange | E4: Finance
A5: delai_warn_j | B5: 7 | D5: Rouge | E5: Ventes
E6: Opérations
E7: RH
E8: HSE
E9: IT

Sheet Plan_d_actions
A1: ID | B1: Catégorie | C1: Action | D1: Responsable | E1: Date création | F1: Échéance | G1: État | H1: Preuve (lien) | I1: Gravité (1-5) | J1: Probabilité (1-5) | K1: Priorité (G×P) | L1: Commentaire | M1: Date clôture | N1: Délai (jours) | O1: Retard
B2: Légal | C2: Déposer RBE (bénéficiaires effectifs) | D2: DG | E2: 2025-09-01 | F2: 2025-09-10 | G2: Orange | I2: 3 | J2: 3 | L2: Via guichet unique
B3: Finance | C3: Ouvrir compte pro & cartes | D3: DAF | E3: 2025-09-01 | F3: 2025-09-05 | G3: Vert | I3: 2 | J3: 2 | L3: Pièce jointe banquaire | M3: 2025-09-04
B4: Opérations | C4: Choisir outil facturation (FEC/TVA) | D4: DAF/DSI | E4: 2025-09-01 | F4: 2025-09-12 | G4: Orange | I4: 3 | J4: 2 | L4: Essai 2 solutions
A5: =CONCAT("ACT-",TEXT(ROW()-1,"0000")) | K5: =IF(AND(I5>0,J5>0),I5*J5,"") | N5: =IF(AND(E5<>"",M5<>""),M5-E5, IF(AND(E5<>"",M5=""),TODAY()-E5,"")) | O5: =IF(AND(G5<>"Vert",F5<>"",F5<TODAY()),"Oui","")
A6: =CONCAT("ACT-",TEXT(ROW()-1,"0000")) | K6: =IF(AND(I6>0,J6>0),I6*J6,"") | N6: =IF(AND(E6<>"",M6<>""),M6-E6, IF(AND(E6<>"",M6=""),TODAY()-E6,"")) | O6: =IF(AND(G6<>"Vert",F6<>"",F6<TODAY()),"Oui","")
A7: =CONCAT("ACT-",TEXT(ROW()-1,"0000")) | K7: =IF(AND(I7>0,J7>0),I7*J7,"") | N7: =IF(AND(E7<>"",M7<>""),M7-E7, IF(AND(E7<>"",M7=""),TODAY()-E7,"")) | O7: =IF(AND(G7<>"Vert",F7<>"",F7<TODAY()),"Oui","")
A8: =CONCAT("ACT-",TEXT(ROW()-1,"0000")) | K8: =IF(AND(I8>0,J8>0),I8*J8,"") | N8: =IF(AND(E8<>"",M8<>""),M8-E8, IF(AND(E8<>"",M8=""),TODAY()-E8,"")) | O8: =IF(AND(G8<>"Vert",F8<>"",F8<TODAY()),"Oui","")
A9: =CONCAT("ACT-",TEXT(ROW()-1,"0000")) | K9: =IF(AND(I9>0,J9>0),I9*J9,"") | N9: =IF(AND(E9<>"",M9<>""),M9-E9, IF(AND(E9<>"",M9=""),TODAY()-E9,"")) | O9: =IF(AND(G9<>"Vert",F9<>"",F9<TODAY()),"Oui","")
A10: =CONCAT("ACT-",TEXT(ROW()-1,"0000")) | K10: =IF(AND(I10>0,J10>0),I10*J10,"") | N10: =IF(AND(E10<>"",M10<>""),M10-E10, IF(AND(E10<>"",M10=""),TODAY()-E10,"")) | O10: =IF(AND(G10<>"Vert",F10<>"",F10<TODAY()),"Oui","")
A11: =CONCAT("ACT-",TEXT(ROW()-1,"0000")) | K11: =IF(AND(I11>0,J11>0),I11*J11,"") | N11: =IF(AND(E11<>"",M11<>""),M11-E11, IF(AND(E11<>"",M11=""),TODAY()-E11,"")) | O11: =IF(AND(G11<>"Vert",F11<>"",F11<TODAY()),"Oui","")
A12: =CONCAT("ACT-",TEXT(ROW()-1,"0000")) | K12: =IF(AND(I12>0,J12>0),I12*J12,"") | N12: =IF(AND(E12<>"",M12<>""),M12-E12, IF(AND(E12<>"",M12=""),TODAY()-E12,"")) | O12: =IF(AND(G12<>"Vert",F12<>"",F12<TODAY()),"Oui","")
A13: =CONCAT("ACT-",TEXT(ROW()-1,"0000")) | K13: =IF(AND(I13>0,J13>0),I13*J13,"") | N13: =IF(AND(E13<>"",M13<>""),M13-E13, IF(AND(E13<>"",M13=""),TODAY()-E13,"")) | O13: =IF(AND(G13<>"Vert",F13<>"",F13<TODAY()),"Oui","")
A14: =CONCAT("ACT-",TEXT(ROW()-1,"0000")) | K14: =IF(AND(I14>0,J14>0),I14*J14,"") | N14: =IF(AND(E14<>"",M14<>""),M14-E14, IF(AND(E14<>"",M14=""),TODAY()-E14,"")) | O14: =IF(AND(G14<>"Vert",F14<>"",F14<TODAY()),"Oui","")
A15: =CONCAT("ACT-",TEXT(ROW()-1,"0000")) | K15: =IF(AND(I15>0,J15>0),I15*J15,"") | N15: =IF(AND(E15<>"",M15<>""),M15-E15, IF(AND(E15<>"",M15=""),TODAY()-E15,"")) | O15: =IF(AND(G15<>"Vert",F15<>"",F15<TODAY()),"Oui","")
A16: =CONCAT("ACT-",TEXT(ROW()-1,"0000")) | K16: =IF(AND(I16>0,J16>0),I16*J16,"") | N16: =IF(AND(E16<>"",M16<>""),M16-E16, IF(AND(E16<>"",M16=""),TODAY()-E16,"")) | O16: =IF(AND(G16<>"Vert",F16<>"",F16<TODAY()),"Oui","")
... A501: =CONCAT("ACT-",TEXT(ROW()-1,"0000")) | K501: =IF(AND(I501>0,J501>0),I501*J501,"") | N501: =IF(AND(E501<>"",M501<>""),M501-E501, IF(AND(E501<>"",M501=""),TODAY()-E501,"")) | O501: =IF(AND(G501<>"Vert",F501<>"",F501<TODAY()),"Oui","")

Sheet Checklist_Demarrage
A1: Section | B1: Tâche | C1: Responsable | D1: Échéance | E1: État | F1: Preuve | G1: Commentaire
A2: Identité & Statuts | B2: Choisir la forme (EI, SARL, SAS…) | C2: DG | D2: 2025-09-05 | E2: Orange
A3: Registre & Fiscal | B3: Immatriculation RNE / Kbis | C3: DG | D3: 2025-09-07 | E3: Vert | G3: Kbis obtenu
A4: Social & Paie | B4: Affiliations URSSAF & retraite | C4: RH | D4: 2025-09-10 | E4: Orange
A5: Assurances | B5: Souscrire RC Pro | C5: DAF | D5: 2025-09-08 | E5: Orange
A6: RGPD | B6: Ébaucher registre des traitements | C6: DPO | D6: 2025-09-20 | E6: Orange

Sheet Budget_12m
A1: Poste | B1: M1 | C1: M2 | D1: M3 | E1: M4 | F1: M5 | G1: M6 | H1: M7 | I1: M8 | J1: M9 | K1: M10 | L1: M11 | M1: M12 | N1: Total
A2: Chiffre d'affaires | B2: 0 | C2: 0 | D2: 0 | E2: 0 | F2: 0 | G2: 0 | H2: 0 | I2: 0 | J2: 0 | K2: 0 | L2: 0 | M2: 0 | N2: =SUM(B2:M2)
A3: Achats | B3: 0 | C3: 0 | D3: 0 | E3: 0 | F3: 0 | G3: 0 | H3: 0 | I3: 0 | J3: 0 | K3: 0 | L3: 0 | M3: 0 | N3: =SUM(B3:M3)
A4: Salaires | B4: 0 | C4: 0 | D4: 0 | E4: 0 | F4: 0 | G4: 0 | H4: 0 | I4: 0 | J4: 0 | K4: 0 | L4: 0 | M4: 0 | N4: =SUM(B4:M4)
A5: Charges fixes | B5: 0 | C5: 0 | D5: 0 | E5: 0 | F5: 0 | G5: 0 | H5: 0 | I5: 0 | J5: 0 | K5: 0 | L5: 0 | M5: 0 | N5: =SUM(B5:M5)
A6: Marketing | B6: 0 | C6: 0 | D6: 0 | E6: 0 | F6: 0 | G6: 0 | H6: 0 | I6: 0 | J6: 0 | K6: 0 | L6: 0 | M6: 0 | N6: =SUM(B6:M6)
A7: Autres | B7: 0 | C7: 0 | D7: 0 | E7: 0 | F7: 0 | G7: 0 | H7: 0 | I7: 0 | J7: 0 | K7: 0 | L7: 0 | M7: 0 | N7: =SUM(B7:M7)
A8: Résultat (CA - charges) | N8: =B2-SUM(B3:B7)
A9: Totaux mois | B9: =SUM(B2:B7) | C9: =SUM(C2:C7) | D9: =SUM(D2:D7) | E9: =SUM(E2:E7) | F9: =SUM(F2:F7) | G9: =SUM(G2:G7) | H9: =SUM(H2:H7) | I9: =SUM(I2:I7) | ... M9: =SUM(M2:M7)

Sheet Calendrier_Gantt
A1: Tâche | B1: Début | C1: Fin | D1: Durée (j) | E1: Avancement % | F1: Barre
A2: Kick-off & statuts | B2: 2025-09-01 | C2: 2025-09-07 | D2: =IF(AND(B2<>"",C2<>""), C2-B2, "") | E2: 0.6
A3: Immatriculation & banque | B3: 2025-09-01 | C3: 2025-09-10 | D3: =IF(AND(B3<>"",C3<>""), C3-B3, "") | E3: 1
A4: Mise en place paie | B4: 2025-09-05 | C4: 2025-09-20 | D4: =IF(AND(B4<>"",C4<>""), C4-B4, "") | E4: 0.3

Sheet Contacts
A1: Nom | B1: Organisation | C1: Rôle | D1: Email | E1: Téléphone | F1: Type (Client/Fournisseur/Partenaire) | G1: Notes
A2: Banque Conseiller | B2: Banque X | C2: Conseiller | D2: conseiller@banque.com | E2: +33 1 23 45 67 89 | F2: Fournisseur | G2: Dépôt capital

Sheet Indicateurs
A1: Indicateurs — vue synthétique
A2: Libellé | B2: Valeur
A3: Total actions | B3: =COUNTA(Plan_d_actions!C2:C1000)
A4: % Vert | B4: =IF(A3=0,"", COUNTIF(Plan_d_actions!G2:G1000,"Vert")/A3)
A5: % Orange | B5: =IF(A3=0,"", COUNTIF(Plan_d_actions!G2:G1000,"Orange")/A3)
A6: % Rouge | B6: =IF(A3=0,"", COUNTIF(Plan_d_actions!G2:G1000,"Rouge")/A3)
A7: Actions en retard | B7: =COUNTIF(Plan_d_actions!O2:O1000,"Oui")
A8: Priorités critiques (≥crit) | B8: =COUNTIF(Plan_d_actions!K2:K1000,">="&Paramètres!$B$4)
